 Dungeon Crawl Stone Soup version 0.20-a0-772-g73021bd (webtiles) character file.

2871 Aksej the Covert (level 9, -8/59 HPs)
             Began as an Octopode Assassin on Feb 27, 2017.
             Mangled by a two-headed ogre
             ... wielding a +0 giant spiked club
              (11 damage)
             ... on level 7 of the Dungeon.
             The game lasted 00:15:00 (6546 turns).

Aksej the Covert (Octopode Assassin)                Turns: 6546, Time: 00:15:01

Health: -8/59      AC:  6    Str: 11    XL:     9   Next: 76%
Magic:  10/10      EV: 14    Int: 13    God:
Gold:   397        SH:  0    Dex: 21    Spells: 8/8 levels left

rFire    + . .     SeeInvis .   a - +2 rapier (venom)
rCold    . . .     Gourm    .   (no shield)
rNeg     . . .     Faith    .   (helmet restricted)
rPois    .         Spirit   .   (no amulet)
rElec    .         Reflect  .   r - ring of protection from fire
rCorr    .         Harm     .   x - +5 ring of protection
MR       .....                  B - +5 ring of dexterity
Stlth    ++++++....             (no ring)
Regen    0.2/turn               (no ring)
MPRegen  0.2/turn               (no ring)
                                (no ring)
                                (no ring)

@: no status effects
A: almost no armour, stealthy swim, amphibious, 8 rings, constrict 8, camouflage
1, blurry vision 1, gelatinous body 1
a: no special abilities


You were on level 7 of the Dungeon.
You were not hungry.

You visited 1 branch of the dungeon, and saw 7 of its levels.

You collected 397 gold pieces.

Inventory:

Hand Weapons
 a - a +2 rapier of venom (weapon)
 b - a +0 blowgun
 n - a +3 dagger
Missiles
 c - 56 poisoned needles
 d - 2 curare-tipped needles
Jewellery
 r - a ring of protection from fire (left tentacle)
 x - a +5 ring of protection (right tentacle)
 y - an uncursed amulet of magic regeneration
 B - a +5 ring of dexterity (on tentacle)
Wands
 i - a wand of disintegration (0/24)
Scrolls
 g - a scroll of amnesia
 l - 3 scrolls of teleportation
 o - 2 scrolls of fear
 s - 5 scrolls of remove curse
 v - a scroll of magic mapping
 z - a scroll of identify
 C - a scroll of enchant armour
Potions
 e - a potion of brilliance
 h - a potion of lignification
 j - 3 potions of flight
 k - 3 potions of curing
 m - a potion of might
 q - 2 potions of cancellation
 t - 3 potions of agility
Books
 w - a book of Misfortune

   Spells                             Type                      Level
   a - Confusing Touch                Hexes                        1
   b - Confuse                        Hexes                        3
   c - Gell's Gravitas                Translocation                3
   d - Petrify                        Transmutation/Earth          4
   e - Metabolic Englaciation         Hexes/Ice                    5
   f - Yara's Violent Unravelling     Hexes/Transmutation          5
Comestibles
 f - 3 bread rations
 p - 8 royal jellies
 u - a meat ration
 A - 13 chunks of flesh


   Skills:
 + Level 4.3 Fighting
 * Level 9.9 Short Blades
 + Level 2.3 Throwing
 + Level 2.5 Dodging
 + Level 11.4 Stealth
 + Level 1.5 Evocations


You had 8 spell levels left.
You didn't know any spells.

Dungeon Overview and Level Annotations

Branches:
Dungeon (7/15)
 Temple: D:4-7

Altars:
Dithmenos
Elyvilon
Fedhas
Hepliaklqana
Kikubaaqudgha
Makhleb
Trog
Uskayaw
Xom
Zin


Innate Abilities, Weirdness & Mutations

You cannot wear most types of armour.
You are very stealthy in the water. (Stealth+)
You are amphibious.
You can wear up to eight rings at the same time.
You can use your tentacles to constrict eight enemies at once.
Your skin changes colour to match your surroundings (Stealth+).
Your rubbery body absorbs attacks. (AC +1, EV +1)
Scrolls take you a little longer to read.


Message History

The orc wizard points at you and mumbles some strange words.
The magic dart hits you!
You barely miss the two-headed ogre. You constrict the orc wizard.
The orc wizard closely misses you.
You hit the two-headed ogre.
The two-headed ogre looks as sick as possible!
The two-headed ogre is lightly wounded.
You constrict the orc wizard.
You kill the orc wizard!
The two-headed ogre hits you with a giant spiked club!!
* * * LOW HITPOINT WARNING * * *
The two-headed ogre hits you with a giant club!
* * * LOW HITPOINT WARNING * * *
You hit the two-headed ogre.
The two-headed ogre looks as sick as possible!
The two-headed ogre is lightly wounded.
The orc wizard gestures wildly while chanting.
The orc wizard blinks!
The two-headed ogre closely misses you.
The two-headed ogre hits you with a giant club!
You die...

#. #. #. ######### #.
........# #.
........########## #.
.................## ##
........##(#####..########
........<#...)@O...§..(...
...
#######..#..####..........
#.
#.....>.....######.####..
#. #.###.#.......##....#
#. #
#...........###..oO......
#. #
#..##..#....###.......###
..
#.#...).).......##..§...#
#..
#.##.#####..[...###!.o..#
..
#.............#..##..).##
..


You could see a two-headed ogre.

Vanquished Creatures
  A hungry ghost (D:7)
  Edmund (D:4)
  Menkaure (D:7)
  An ice beast (D:6)
  2 phantoms
  2 orc warriors (D:7)
  2 sky beasts
  3 black bears (D:6)
  4 ogres
  2 bullfrogs
  A scorpion (D:5)
  2 crimson imps
  The ghost of morbho the Sneak, a weakling SpAs (D:3)
  2 bullfrog zombies (D:6)
  4 hounds
  A jelly (D:7)
  8 orc wizards
  3 orc priests
  Jessica (D:2)
  An iguana (D:7)
  6 worker ants
  2 hound zombies
  8 adders
  An ooze (D:1)
  An adder skeleton (D:4)
  2 adder zombies
  4 worms
  2 dart slugs
  3 leopard geckos
  23 orcs
  A ball python (D:1)
  3 giant cockroaches
  9 goblins
  7 hobgoblins
  4 jackals
  2 quokkas
  14 bats
  7 frilled lizards
  10 kobolds
  A leopard gecko zombie (D:6)
  2 quokka zombies
  9 rats
164 creatures vanquished.

Notes
Turn   | Place    | Note
-------+----------+-------------------------------------------
     0 | D:1      | Aksej the Octopode Assassin began the quest for the Orb.
     0 | D:1      | Reached XP level 1. HP: 14/14 MP: 1/1
    75 | D:1      | Reached XP level 2. HP: 2/19 MP: 2/2
   385 | D:1      | Reached skill level 6 in Stealth
   510 | D:1      | Reached XP level 3. HP: 24/24 MP: 3/3
   848 | D:2      | Noticed Jessica
   861 | D:2      | Killed Jessica
   861 | D:2      | Reached XP level 4. HP: 14/30 MP: 4/4
  1328 | D:2      | Found a shimmering altar of Xom.
  1330 | D:2      | Found a burning altar of Makhleb.
  1330 | D:2      | Found a white marble altar of Elyvilon.
  1333 | D:2      | Found a blossoming altar of Fedhas.
  1333 | D:2      | Found a bloodstained altar of Trog.
  1333 | D:2      | Found a hazy altar of Hepliaklqana.
  1657 | D:3      | Reached XP level 5. HP: 34/35 MP: 5/5
  1768 | D:3      | Reached skill level 7 in Stealth
  2156 | D:3      | Noticed morbho's ghost (weakling SpAs)
  2181 | D:3      | Killed morbho's ghost
  2181 | D:3      | Reached XP level 6. HP: 32/41 MP: 6/6
  2206 | D:3      | Reached skill level 5 in Short Blades
  2226 | D:3      | Found a glowing silver altar of Zin.
  2549 | D:3      | Found an ancient bone altar of Kikubaaqudgha.
  3247 | D:4      | Reached XP level 7. HP: 44/45 MP: 7/7
  3326 | D:4      | Noticed Edmund
  3334 | D:4      | Killed Edmund
  3488 | D:5      | Entered Level 5 of the Dungeon
  3504 | D:5      | Reached skill level 8 in Stealth
  3555 | D:5      | Found a hide-covered altar of Uskayaw.
  3710 | D:5      | Reached XP level 8. HP: 45/52 MP: 8/8
  3790 | D:5      | Reached skill level 9 in Stealth
  4036 | D:5      | Found a burning altar of Makhleb.
  4401 | D:6      | Found a shadowy altar of Dithmenos.
  4412 | D:6      | Found a bloodstained altar of Trog.
  5022 | D:6      | Found a bloodstained altar of Trog.
  5026 | D:6      | Reached skill level 10 in Stealth
  5189 | D:6      | Reached XP level 9. HP: 58/58 MP: 9/9
  5469 | D:7      | Gained mutation: Scrolls take you a little longer to read. [mutagenic meat]
  5933 | D:7      | Noticed Menkaure
  5957 | D:7      | Killed Menkaure
  5967 | D:7      | Reached skill level 1 in Evocations
  6362 | D:7      | Reached skill level 11 in Stealth
  6527 | D:7      | Noticed a two-headed ogre
  6546 | D:7      | Mangled by a two-headed ogre

Vault maps used:
D:1:      scummos_arrival_simple_fountains
D:2:      doesnt_xom_only_xom, uniq_jessica
D:3:      kiku_gazebo_garden_becter, overflow_temple_1_default
D:4:      uniq_edmund
D:5:      lemuel_doored_altar, basic_altar, first_bread
D:6:      trog_ov_bears_minmay, basic_altar, nicolae_benzene_ring, minivault_5,
          corner_web_ring, trog_three_pillars_becter
D:7:      minmay_flawed_box, minmay_temple_entry_poolview, the_bakery,
          grunt_ministairs_9, minmay_ruffians, uniq_menkaure

Skill      XL: |  1  2  3  4  5  6  7  8  9 |
---------------+----------------------------+-----
Stealth        | 6 7 8 10 11 | 11.4
Short Blades   | 3 4 5 6 8 9 |  9.9
Fighting       | 3 4 |  4.3
Dodging        | 2 |  2.5
Evocations     | 1 |  1.5
Throwing       | |  2.3

Action                   |  1- 3 |  4- 6 |  7- 9 || total
-------------------------+-------+-------+-------++-------
Melee: Dagger            |    64 |     5 |       ||    69
       Constrict         |    17 |    29 |    16 ||    62
       Tentacles         |     9 |    19 |    28 ||    56
       Rapier            |       |   131 |   152 ||   283
 Fire: Blowgun           |       |     1 |     7 ||     8
Evoke: Wand              |       |       |     5 ||     5
  Use: Scroll            |     7 |     7 |     6 ||    20
       Potion            |     3 |     5 |     1 ||     9
 Stab: Sleeping          |     7 |    15 |    35 ||    57
       Distracted        |       |     1 |     2 ||     3
  Eat: Chunk             |       |     7 |     8 ||    15
       Meat ration       |       |       |     1 ||     1
Armor: Skin              |     4 |     7 |    11 ||    22
Dodge: Dodged            |    31 |    73 |    44 ||   148
